 Dungeon Crawl Stone Soup version 0.30-a0-1035-g38d5fb2972 (webtiles) character file.

Game seed: 5902752289861532491

47 DeathPants the Stinger (level 3, -3/28 HPs)
             Began as a Naga Venom Mage on Apr 8, 2023.
             Slain by a hobgoblin
             ... wielding a +0 hand axe
              (5 damage)
             ... on level 2 of the Dungeon.
             The game lasted 00:03:50 (1422 turns).

DeathPants the Stinger (Naga Venom Mage)            Turns: 1422, Time: 00:03:51

Health: -3/28      AC:  2    Str: 10    XL:     3   Next: 70%
Magic:  4/6        EV:  9    Int: 17    God:
Gold:   85         SH:  0    Dex: 11    Spells: 0/6 levels left

rFire   . . .      SeeInvis +    e - +0 whip
rCold   . . .      Faith    .    (no shield)
rNeg    . . .      Spirit   .    a - +0 robe
rPois   +          Reflect  .    (no helmet)
rElec   .          Rampage  .    (no cloak)
rCorr   .                        (no gloves)
Will    +....                    (no barding)
Stlth   ++                       (no amulet)
HPRegen 0.24/turn                g - ring of willpower
MPRegen 0.10/turn                (no ring)

@: very slightly contaminated, very slow
A: AC +1, large, see invisible, deformed body, poison resistance, slowness 2,
spit poison 1, naga tail 1
a: Spit Poison


You were on level 2 of the Dungeon.
You visited 1 branch of the dungeon, and saw 2 of its levels.

You collected 85 gold pieces.

Inventory:

Hand Weapons
 e - a +0 whip (weapon)
Missiles
 h - 6 silver javelins
Armour
 a - a +0 robe (worn)
Jewellery
 g - a ring of willpower (left hand)
Scrolls
 d - a scroll of brand weapon {unknown}
 f - 5 scrolls of identify {unknown}
 j - a scroll of vulnerability {unknown}
 k - a scroll of fear {unknown}
 l - a scroll of amnesia {unknown}
Potions
 b - a potion of magic
 c - a potion of cancellation {unknown}
 i - a potion of mutation {unknown}
 m - a potion of haste {unknown}
 n - a potion of curing {unknown}


   Skills:
 - Level 1.5 Dodging
 - Level 3.0 Stealth
 - Level 2.0 Spellcasting
 - Level 1.0 Transmutations
 + Level 0.5 Air Magic
 - Level 6.0 Poison Magic


You couldn't memorise any spells.
You knew the following spells:

 Your Spells              Type           Power      Damage    Failure   Level
a - Sting                 Tmut/Pois      52%        1d5       4%          1
b - Poisonous Vapours     Pois/Air       24%        N/A       8%          2
c - Mephitic Cloud        Conj/Pois/Air  9%         N/A       24%         3

Your spell library contained the following spells:

 Spells                   Type           Power      Damage    Failure   Level
 Olgreb's Toxic Radiance  Pois           22%        N/A       16%         4
 Call Canine Familiar     Summ           1%         N/A       50%         3
 Portal Projectile        Hex/Tloc       2%         N/A       50%         3
 Leda's Liquefaction      Hex/Erth       0%         N/A       88%         4


Dungeon Overview and Level Annotations

Branches:
Dungeon (2/15)

Altars:


Innate Abilities, Weirdness & Mutations

Your serpentine skin is tough. (AC +1)
You have supernaturally acute eyesight. (SInv)
Armour fits poorly on your strangely shaped body.
Your system is resistant to poisons. (rPois)
You cover ground very slowly.
You can spit poison.
You have a snake-like lower body.


Message History

The bat barely misses you.
Aiming: Sting (safe; 4% risk of failure)
Press: ? - help, Q - select action, (/) - cycle Shift-Dir - straight line, f/p - bat
Aim: a bat (57% to hit)
The sting hits the bat.
The bat is poisoned.
You kill the bat!
You now have 74 gold pieces (gained 13).
You now have 85 gold pieces (gained 11).
f - 5 scrolls labelled NUOTSO YBEPN (gained 1)
A hobgoblin comes into view. It is wielding a +0 hand axe.
You catch the helpless hobgoblin completely off-guard!
You hit the hobgoblin but do no damage. The hobgoblin completely misses you.
The hobgoblin hits you with a +0 hand axe.
You hit the hobgoblin but do no damage.
The hobgoblin hits you with a +0 hand axe.
You barely miss the hobgoblin. The hobgoblin closely misses you.
You hit the hobgoblin but do no damage.
The hobgoblin hits you with a +0 hand axe.
You closely miss the hobgoblin.
The hobgoblin hits you with a +0 hand axe.
You hit the hobgoblin but do no damage. The hobgoblin barely misses you.
You hit the hobgoblin but do no damage.
The hobgoblin hits you with a +0 hand axe.
You closely miss the hobgoblin.
The hobgoblin hits you with a +0 hand axe.
* * * LOW HITPOINT WARNING * * *
Aiming: Sting (safe; 4% risk of failure)
Press: ? - help, Q - select action, (/) - cycle Shift-Dir - straight line, f - hobgoblin
Aim: a hobgoblin, wielding a +0 hand axe and wearing a +0 ring mail (75% to hit)
The sting misses the hobgoblin.
The hobgoblin hits you with a +0 hand axe.
* * * LOW HITPOINT WARNING * * *
Aiming: Sting (safe; 4% risk of failure)
Press: ? - help, Q - select action, (/) - cycle Shift-Dir - straight line, f/p - hobgoblin
Aim: a hobgoblin, wielding a +0 hand axe and wearing a +0 ring mail (75% to hit)
You miscast Sting.
You are very lightly contaminated with residual magic.
Nothing appears to happen.
The hobgoblin hits you with a +0 hand axe.
You die...

..........>...
######...##### #...#
#...# ###...#####
#..^.......
########........#
#g..............##
#@#####...........
###.##............#.
#......##..........#
#.#...............##
#.#...(###.#####.##
# #.#.## #.##....#
#.#.#.####.##.##.##
>.......#.##.##..#
#..####.#.....†.#.#


You could see a hobgoblin.

Vanquished Creatures
  An adder (D:2)
  4 dart slugs (D:1)
  4 endoplasms
  A goblin (D:1)
  4 hobgoblins
  2 ball pythons
  5 bats
  3 frilled lizards (D:1)
  4 kobolds
  3 rats (D:1)
31 creatures vanquished.

Notes
Turn   | Place    | Note
-------+----------+-------------------------------------------
     0 | D:1      | DeathPants the Naga Venom Mage began the quest for the Orb.
     0 | D:1      | Reached XP level 1. HP: 15/15 MP: 3/3
   280 | D:1      | Found a faded altar of an unknown god.
   300 | D:1      | Reached XP level 2. HP: 19/22 MP: 3/5
   307 | D:1      | Learned a level 2 spell: Poisonous Vapours
   504 | D:2      | Reached skill level 5 in Poison Magic
   792 | D:1      | Reached XP level 3. HP: 26/28 MP: 6/6
  1194 | D:2      | Reached skill level 6 in Poison Magic
  1198 | D:2      | Learned a level 3 spell: Mephitic Cloud
  1422 | D:2      | Slain by a hobgoblin

Illustrated notes

Levels and vault maps discovered:
D:1:      wander_arrival_fairy_ring, layout_loops_corners,
          ebering_ecumenical_altar_box, minmay_pentomino_s4
D:2:      layout_loops_cross

Skill      XL: |  1  2  3 |
---------------+----------+-----
Poison Magic   | 5 6 |  6.0
Dodging        | |  1.5
Stealth        | |  3.0
Spellcasting   | |  2.0
Transmutations | |  1.0
Air Magic      | |  0.5

Action                     || total
---------------------------++-------
  Melee: Unarmed           ||     3
         Whip              ||    58
   Cast: Sting             ||    35
   Stab: Sleeping          ||     1
         Distracted        ||     1
 Armour: Robe              ||    16
  Dodge: Dodged            ||    43

Table legend: (Time is in decaauts)
 A = Elapsed time spent in this place.
 B = Non-inter-level travel time spent in this place.
 C = Inter-level travel time spent in this place.
 D = Time resting spent in this place.
 E = Time spent auto-exploring this place.
 F = Levels seen in this place.
 G = Mean time per level.
                   A        B        C        D        E       F      G
               +--------+--------+--------+--------+--------+-----+--------+
         Total |   1805 |   1782 |     23 |      0 |   1360 |   2 |  902.5 |
       Dungeon |   1805 |   1782 |     23 |      0 |   1360 |   2 |  902.5 |
               +--------+--------+--------+--------+--------+-----+--------+

Top non-repeatable levels by time:
     D:1: 1342 daAuts
     D:2: 463 daAuts
